 Dungeon Crawl Stone Soup version 0.31-a0-667-g39726597b9 (webtiles) character file.

Game seed: 1265429648738129443

0 Bravepunisher the Ducker (level 1, -5/11 HPs)
             Began as a Spriggan Monk on Sept 3, 2023.
             Killed from afar by Terence (11 damage)
             ... with a puff of flame
             ... on level 2 of the Dungeon.
             The game lasted 00:00:26 (57 turns).

Bravepunisher the Ducker (Spriggan Monk)              Turns: 57, Time: 00:00:27

Health: -5/11      AC:  2    Str:  7    XL:     1   Next: 8%
Magic:  2/2        EV: 18    Int: 11    God:
Gold:   0          SH:  0    Dex: 17    Spells: 0/0 levels left

rFire   . . .        a - +0 short sword
rCold   . . .        d - orb {light}
rNeg    . . .        b - +0 robe
rPois   .            (helmet restricted)
rElec   .            (no cloak)
rCorr   .            (gloves unavailable)
SInv    +            (boots unavailable)
Will    .....        (no amulet)
Stlth   +            (no ring)
HPRegen 0.21/turn    (no ring)
MPRegen 0.08/turn

%: no passive effects
@: glowing, very quick
A: very small, no large weapons, unfitting armour, see invisible, speed 3
a: no special abilities


You were on level 2 of the Dungeon.
You visited 1 branch of the dungeon, and saw 2 of its levels.

Inventory:

Hand Weapons
 a - a +0 short sword (weapon)
Armour
 b - a +0 robe (worn)
 d - an orb of light (worn)
Scrolls
 e - a scroll of identify {unknown}
Potions
 c - a potion of ambrosia


   Skills:
 + Level 2.4 Fighting
 - Level 3.2 Short Blades
 * Level 4.0 Dodging


You couldn't memorise any spells.
You didn't know any spells.
Your spell library was empty.

Dungeon Overview and Level Annotations

Branches:
Dungeon (2/15)

Altars:

Annotations:
D:2 Terence


Innate Abilities, Weirdness & Mutations

You are very small and have problems with some larger weapons.
You are too small for most types of armour.
You have supernaturally acute eyesight. (SInv)
You cover ground extremely quickly. (Speed+++)


Message History

Found an escape hatch in the floor.
Found two stairs.
There is an escape hatch in the floor here.
Found a scroll labelled PEACONKITUT.
e - a scroll labelled PEACONKITUT
There is a stone staircase leading down here.
You climb downwards.
The kobold shouts!
You hear an angry hiss. x2
There is a stone staircase leading up here.
The adder hisses angrily.
The bat completely misses you. The kobold attacks as it pursues you!
The kobold closely misses you.
Found 11 gold pieces.
A ball python comes into view.
The ball python closely misses you. The ball python barely misses you.
You see here 11 gold pieces.
A ball python comes into view.
Found a blue potion.
The ball python attacks as it pursues you!
The ball python barely misses you. The ball python completely misses you.
The ball python hisses angrily.
The bat completely misses you.
You see here a blue potion.
The bat completely misses you.
You barely miss the bat. The bat barely misses you.
You hit the bat.
You kill the bat!
A frilled lizard comes into view.
The frilled lizard hisses angrily.
Terence the Incautious comes into view.
He is wielding a +3 flail of protection and carrying a wand of flame.
Found a scroll labelled PEACONKITUT.
Found a robe and 2 gold pieces.
Found a chain mail.
Terence zaps a wand.
The puff of flame hits you. The frilled lizard closely misses you.
A goblin comes into view. It is wielding a +0 dagger.
The goblin shouts!
You hear a shout!
Found a triangular bone amulet.
Terence zaps a wand.
The puff of flame hits you!
Ouch! That really hurt!
You die...

...... ..... ##### #?.#
#...# ## ##@.### #.#.#
... #.....# #.#.#
...##.....########.#.. .
..[...................
....###.....#######.##..
"..g...@.l.[............
#####........######.###.
####.##$.# ##.# #.
...##..### #..# #.
#.####.....##.## #. #.
#.###...K## #S . #..
#...# ## ###.## #..####
...... #..S.b#


You could see Terence, a goblin and a frilled lizard.

Vanquished Creatures
  A bat (D:2)
1 creature vanquished.

Notes
Turn   | Place    | Note
-------+----------+-------------------------------------------
     0 | D:1      | Bravepunisher the Spriggan Monk began the quest for the
                  | Orb.
     0 | D:1      | Reached XP level 1. HP: 11/11 MP: 2/2
    51 | D:2      | Noticed Terence
    57 | D:2      | Killed from afar by Terence

Illustrated notes

Levels and vault maps discovered:
D:1:      dpeg_arrival_tiny_a, layout_basic
D:2:      layout_rooms, uniq_terence

Action                     || total
---------------------------++-------
  Melee: Short sword       ||     2
 Armour: Robe              ||     2
  Dodge: Dodged            ||    10

Table legend: (Time is in decaauts)
 A = Elapsed time spent in this place.
 B = Non-inter-level travel time spent in this place.
 C = Inter-level travel time spent in this place.
 D = Time resting spent in this place.
 E = Time spent auto-exploring this place.
 F = Levels seen in this place.
 G = Mean time per level.
                   A        B        C        D        E       F      G
               +--------+--------+--------+--------+--------+-----+--------+
         Total |     35 |     35 |      0 |      0 |      0 |   2 |   17.5 |
       Dungeon |     35 |     35 |      0 |      0 |      0 |   2 |   17.5 |
               +--------+--------+--------+--------+--------+-----+--------+

Top non-repeatable levels by time:
     D:2: 25 daAuts
     D:1: 10 daAuts
